 Dungeon Crawl Stone Soup version 0.23-a0-405-g368ce00 (webtiles) character file.

1052 MisterFreud the Shield-Bearer (level 8, -5/54 HPs)
             Began as an Octopode Fighter on Nov 6, 2018.
             Was a Follower of Cheibriados.
             Slain by a hippogriff (7 damage)
             ... on level 7 of the Dungeon.
             The game lasted 00:10:55 (5113 turns).

MisterFreud the Shield-Bearer (Octopode Fighter)    Turns: 5113, Time: 00:10:55

Health: -5/54      AC:  1    Str: 17    XL:     8   Next: 26%
Magic:  8/8        EV: 13    Int: 15    God:    Cheibriados [*.....]
Gold:   235        SH: 11    Dex: 13    Spells: 7/7 levels left

rFire    + . .     SeeInvis .   a - +1 long sword
rCold    . . .     Gourm    .   b - +1 shield
rNeg     . . .     Faith    .   (helmet restricted)
rPois    .         Spirit   .   (no amulet)
rElec    .         Reflect  .   j - ring of resist corrosion
rCorr    +         Harm     .   q - ring of protection from fire
MR       .....                  n - ring of flight
Stlth    ++++......             (no ring)
HPRegen  0.18/turn              (no ring)
MPRegen  0.11/turn              (no ring)
                                (no ring)
                                (no ring)

@: very slow
A: almost no armour, stealthy swim, amphibious, 8 rings, constrict 8, camouflage
1, gelatinous body 1
a: Bend Time, Renounce Religion, Evoke Flight


You were on level 7 of the Dungeon.
You worshipped Cheibriados.
Cheibriados was aware of your devotion.
You were not hungry.

You visited 2 branches of the dungeon, and saw 8 of its levels.

You collected 277 gold pieces.
You spent 42 gold pieces at shops.

Inventory:

Hand Weapons
 a - a +1 long sword (weapon)
Missiles
 g - 121 arrows
 m - 20 bolts
 o - 164 stones (quivered)
Armour
 b - a +1 shield (worn)
Jewellery
 j - a ring of resist corrosion (left tentacle)
 n - a ring of flight (on tentacle)
 q - a ring of protection from fire (right tentacle)
Scrolls
 f - 4 scrolls of remove curse
 h - 4 scrolls of teleportation
 i - a scroll of enchant weapon
 t - 2 scrolls of fog
Potions
 e - 2 potions of curing
 k - a potion of berserk rage
 l - 2 potions of heal wounds {unknown}
 p - 3 potions of invisibility
 s - 4 potions of flight
 x - a potion of agility {unknown}
 z - a potion of degeneration {unknown}
Comestibles
 d - 9 rations


   Skills:
 + Level 4.5 Fighting
 - Level 2.0 Long Blades
 + Level 4.5 Dodging
 - Level 6.0 Stealth
 + Level 7.3 Shields


You had 7 spell levels left.
You didn't know any spells.
Your spell library contained the following spells:

 Spells                   Type           Power        Failure   Level  Hunger
 Corona                   Hex            #......      58%         1    ##.....
 Ensorcelled Hibernation  Hex/Ice        #.....       73%         2    ###....
 Confuse                  Hex            #.......     91%         3    ####...
 Dazzling Spray           Conj/Hex       #.....       91%         3    ####...
 Tukima's Dance           Hex            #.......     91%         3    ####...


Dungeon Overview and Level Annotations

Branches:
Dungeon (7/15)             Temple (1/1) D:5

Altars:
Cheibriados
Elyvilon
Gozag
Hepliaklqana
Sif Muna
Trog
Vehumet
Wu Jian
Xom
Yredelemnul
The Shining One

Shops:
D:4 ?   D:5 ?

Annotations:
D:5 Sigmund


Innate Abilities, Weirdness & Mutations

You cannot wear most types of armour.
You are very stealthy in the water. (Stealth+)
You are amphibious.
You can wear up to eight rings at the same time.
You can use your tentacles to constrict eight enemies at once.
Your skin changes colour to match your surroundings (Stealth+).
Your rubbery body absorbs attacks. (AC +1, EV +1)


Message History

You feel better. You block the bullfrog's attack.
You block the hippogriff's attack. The hippogriff pecks you.
* * * LOW HITPOINT WARNING * * *
The hippogriff closely misses you. You block the bullfrog's attack.
The bullfrog hits you.
* * * LOW HITPOINT WARNING * * *
You block the hippogriff's attack. x2; The hippogriff barely misses you.
You block the bullfrog's attack. The bullfrog completely misses you.
You riposte.
You barely miss the bullfrog. You grab the bullfrog.
You release your grip on the bullfrog.
You block the bullfrog's attack. The bullfrog barely misses you.
The bullfrog misses you. The bullfrog closely misses you.
You riposte.
You miss the bullfrog. You grab the bullfrog. You squeeze the bullfrog.
The bullfrog is lightly wounded.
You release your grip on the bullfrog.
You block the bullfrog's attack. The hippogriff bites you!
* * * LOW HITPOINT WARNING * * *
The hippogriff closely misses you. The hippogriff claws you!
You die...

#................
#....>.......#.#.
#................ ############
+............#.#.
.....##....######.....#####+.....
...........##...#.....# #....
................#.....# ....
.......<........#H....# ...
................@F....+ ..
#################.....# #######


You could see a hippogriff and a bullfrog.

Vanquished Creatures
  A sky beast (D:6)
  A phantom (D:4)
  2 ogres
  A centaur (D:4)
  A gnoll sergeant (D:5)
  A jelly (D:6)
  A howler monkey (D:5)
  2 crimson imps
  A bullfrog zombie (D:5)
  2 hounds
  An orc wizard (D:3)
  3 worker ants
  A hound skeleton (D:5)
  2 worker ant zombies
  3 gnolls (D:5)
  A howler monkey skeleton (D:4)
  6 adders
  An ooze (D:6)
  An adder skeleton (D:5)
  2 worms (D:3)
  A dart slug (D:1)
  A leopard gecko (D:6)
  4 orcs
  2 ball pythons
  9 bats
  3 giant cockroaches
  5 goblins
  4 hobgoblins
  13 jackals
  2 quokkas
  7 frilled lizards
  A giant cockroach zombie (D:5)
  8 kobolds
  2 leopard gecko skeletons
  A quokka skeleton (D:5)
  3 rats
100 creatures vanquished.

Notes
Turn   | Place    | Note
-------+----------+-------------------------------------------
     0 | D:1      | MisterFreud the Octopode Fighter began the quest for the
                  | Orb.
     0 | D:1      | Reached XP level 1. HP: 16/16 MP: 1/1
    48 | D:1      | Reached skill level 1 in Stealth
   105 | D:1      | Reached XP level 2. HP: 10/21 MP: 2/2
  1189 | D:2      | Reached XP level 3. HP: 17/26 MP: 3/3
  1456 | D:2      | You fall through a shaft!
  1549 | D:2      | Found a white marble altar of Elyvilon.
  1558 | D:2      | Reached skill level 5 in Stealth
  1679 | D:2      | Reached XP level 4. HP: 31/31 MP: 4/4
  2040 | D:2      | Found an opulent altar of Gozag.
  2042 | D:2      | Found a sacrificial altar of Ru.
  2042 | D:2      | Found a basalt altar of Yredelemnul.
  2044 | D:2      | Found a deep blue altar of Sif Muna.
  2044 | D:2      | Found a hazy altar of Hepliaklqana.
  2044 | D:2      | Found a shimmering altar of Xom.
  2618 | D:3      | Reached XP level 5. HP: 21/36 MP: 5/5
  2888 | D:4      | Noticed an ogre
  2959 | D:4      | Reached skill level 4 in Shields
  3010 | D:4      | Noticed a centaur
  3018 | D:4      | Killed a centaur
  3018 | D:4      | Reached skill level 5 in Shields
  3018 | D:4      | Reached XP level 6. HP: 42/42 MP: 6/6
  3027 | D:4      | Noticed a phantom
  3055 | D:4      | Killed a phantom
  3110 | D:4      | Found Tovysepo's Magic Scroll Emporium.
  3118 | D:4      | Bought a scroll of teleportation for 42 gold pieces
  3321 | D:4      | Reached skill level 6 in Shields
  3321 | D:4      | Reached XP level 7. HP: 46/46 MP: 7/7
  3338 | D:5      | Entered Level 5 of the Dungeon
  3375 | D:5      | Found a staircase to the Ecumenical Temple.
  3384 | Temple   | Entered the Ecumenical Temple
  3392 | Temple   | Became a worshipper of Cheibriados the Contemplative
  3444 | D:5      | Found an ornate altar of the Wu Jian Council.
  3467 | D:5      | Found a bloodstained altar of Trog.
  3491 | D:5      | Found Qarukodd's Magic Scroll Emporium.
  3646 | D:5      | Noticed Sigmund
  3861 | D:5      | Found a glowing golden altar of the Shining One.
  4252 | D:6      | Reached skill level 7 in Shields
  4518 | D:6      | Reached XP level 8. HP: 54/54 MP: 8/8
  4771 | D:6      | Reached * piety under Cheibriados
  5093 | D:7      | Noticed a hippogriff
  5113 | D:7      | HP: 2/54 [hippogriff (7)]
  5113 | D:7      | Slain by a hippogriff

Vault maps used:
D:1:      dpeg_arrival_pits, nrook_uturn, minmay_tromino_v4_a
D:2:      elyvilon_altar_5, minmay_tree_intersection, doesnt_xom_only_xom
D:3:      first_ration
D:4:      serial_shops, shop
D:5:      nicolae_overflow_crystal_walls, overflow_temple_1_default,
          fedhas_altar_1, lightli_temple_of_fire, minmay_temple_entry_trees,
          serial_shops, nicolae_shop_stone, uniq_sigmund
D:6:      minmay_misc_feat_encased
D:7:      cheibrodos_fertilizer, kennysheep_mini_moat, dancing_weapons_uskayaw,
          nicolae_overflow_hidden_temple, serial_shops, shop, shop,
          serial_glass, glass_columns_b, glass_columns_a, glass_columns_b,
          glass_columns_a, minmay_misc_feat_columns, uniq_harold
Temple:   eino_wide_crystal_templ

Skill      XL: |  1  2  3  4  5  6  7 |
---------------+----------------------+-----
Stealth        | 2 4 5 6 |  6.0
Shields        | 5 6 7 |  7.3
Fighting       | 4 |  4.5
Dodging        | 4 |  4.5
Long Blades    | |  2.0

Action                   |  1- 3 |  4- 6 |  7- 9 || total
-------------------------+-------+-------+-------++-------
Melee: Long sword        |    55 |    76 |    81 ||   212
       Constrict         |    14 |    26 |    20 ||    60
       Tentacles         |     4 |    21 |    25 ||    50
Throw: Stone             |     1 |       |       ||     1
  Use: Scroll            |     5 |     1 |     7 ||    13
       Potion            |       |     1 |     1 ||     2
 Stab: Sleeping          |    11 |    11 |     7 ||    29
       Distracted        |     1 |       |       ||     1
  Eat: Chunk             |     2 |     6 |     2 ||    10
       Ration            |       |       |     1 ||     1
Armor: Skin              |     3 |     4 |     1 ||     8
Dodge: Dodged            |    22 |    26 |    47 ||    95
Block: Shield            |    18 |    35 |    58 ||   111
       Rpst.: Long sword |     5 |    10 |    13 ||    28

Table legend:
 A = Non-vault XP
 B = Vault XP
 C = Vault XP percentage of total XP
 D = Non-vault monster count
 E = Vault monster count
 F = Vault count percentage of total count
                 A         B        C        D         E       F
            +---------+---------+-------+---------+---------+-------
      Total |    1498 |       5 |   0.3 |      97 |       3 |   3.0
            +---------+---------+-------+---------+---------+-------
        D:1 |      23 |       5 |  17.9 |      13 |       3 |  18.8
        D:2 |      75 |       0 |   0.0 |      18 |       0 |   0.0
        D:3 |      85 |       0 |   0.0 |      22 |       0 |   0.0
        D:4 |     475 |       0 |   0.0 |      17 |       0 |   0.0
        D:5 |     435 |       0 |   0.0 |      18 |       0 |   0.0
        D:6 |     405 |       0 |   0.0 |       9 |       0 |   0.0
            +---------+---------+-------+---------+---------+-------
